 Dungeon Crawl Stone Soup version 0.21.1-1-g345015fe64 (webtiles) character file.

102 Petkus the Gusty (level 4, -2/33 HPs)
             Began as a Draconian Air Elementalist on July 27, 2018.
             Slain by Sigmund
             ... wielding a +0 scythe
              (13 damage)
             ... on level 2 of the Dungeon on July 28, 2018.
             The game lasted 00:42:46 (1460 turns).

Petkus the Gusty (Draconian Air Elementalist)       Turns: 1460, Time: 00:42:46

Health: -2/33      AC:  8    Str: 12    XL:     4   Next: 49%
Magic:  1/8        EV: 13    Int: 16    God:
Gold:   116        SH:  0    Dex: 12    Spells: 4/8 levels left

rFire    . . .     SeeInvis .   g - +0 dagger
rCold    . . .     Gourm    .   (no shield)
rNeg     . . .     Faith    .   (armour unavailable)
rPois    .         Spirit   .   (helmet restricted)
rElec    .         Reflect  .   (no cloak)
rCorr    .         Harm     .   (no gloves)
MR       .....                  i - +2 pair of boots {run}
Stlth    +.........             (no amulet)
HPRegen  0.11/turn              (no ring)
MPRegen  0.11/turn              (no ring)

@: confused, quick
A: unfitting armour, deterioration 1, strong 1, evolution 1, cold-blooded, AC +5
a: no special abilities


You were on level 2 of the Dungeon.
You were not hungry.

You visited 1 branch of the dungeon, and saw 2 of its levels.

You collected 116 gold pieces.

Inventory:

Hand Weapons
 c - a +0 short sword
 e - a +0 spear
 g - a +0 dagger (weapon)
 h - a +0 club
 k - a cursed +0 club
 n - a +0 club
 o - a +0 club
 q - a +0 mace
 r - a +0 dagger
 w - a +0 mace
Missiles
 t - 29 arrows
Armour
 i - a +2 pair of boots of running (worn)
Jewellery
 j - a cursed ring of loudness
Scrolls
 f - a scroll of teleportation
 m - a scroll of amnesia
 v - 2 scrolls of remove curse
Potions
 p - a potion of resistance
 s - a potion of mutation
Books
 a - a book of Air

   Spells                             Type                      Level
   a - Shock                          Conjuration/Air              1
   b - Swiftness                      Charms/Air                   2
   c - Static Discharge               Conjuration/Air              3
   d - Airstrike                      Air                          4
   e - Lightning Bolt                 Conjuration/Air              5
Comestibles
 b - 5 rations
 u - 2 inedible chunks of flesh


   Skills:
 + Level 0.7 Short Blades
 + Level 0.1 Throwing
 + Level 2.6 Dodging
 + Level 1.8 Stealth
 + Level 2.7 Spellcasting
 + Level 1.6 Conjurations
 + Level 3.8 Air Magic


You had 4 spell levels left.
You knew the following spells:

 Your Spells              Type           Power        Failure   Level  Hunger
a - Shock                 Conj/Air       ##..         6%          1    #......
b - Static Discharge      Conj/Air       ##......     19%         3    ###....


Dungeon Overview and Level Annotations

Branches:
Dungeon (2/15)

Altars:

Annotations:
D:2 Sigmund


Innate Abilities, Weirdness & Mutations

Your plain brown scales are hard. (AC +5)
You cannot fit into any form of body armour.
You are cold-blooded and may be slowed by cold attacks.
Your body sometimes deteriorates upon taking damage.
Your muscles are strong. (Str +2)
You evolve.


Message History

Sigmund is moderately wounded.
The zap hits Sigmund.
Sigmund is heavily wounded.
Sigmund giggles. "Time to reap what you sow."
Sigmund barely misses you.
Sigmund hits you from afar with a scythe.
It was a potion of mutation.
You feel extremely strange.
You feel stronger.
You feel yourself wasting away.
You feel nature experimenting on you.
Don't worry, failures die fast.
Your magical contamination has completely faded away.
Sigmund gestures wildly while chanting.
Sigmund flickers and vanishes!
Something hits you.
You hear some strange, mumbled words.
You are confused.
There is a stone staircase leading down here.
Something hits you!
There is a stone staircase leading down here.
You bump into the rock wall.
Something hits you!
You die...

#.# ##......<..#...... #.#
#..........##..... ##.###
######..........###....
.....######.........#............
.....#..(......##................
.......#####........#..........##
.....### ##...##.##..........#
.....## #..>##.............#
...!..# #...@...#..........#
......# #..>#####..........#
#####.# ##...# #..........# # .'.
#....# ############ ##... ##..##
... #.## .⌠ ###


There were no monsters in sight!

Vanquished Creatures
  A crimson imp (D:2)
  2 adders (D:2)
  A worm (D:2)
  2 dart slugs (D:1)
  A leopard gecko (D:1)
  8 bats
  2 giant cockroaches
  2 goblins (D:1)
  5 hobgoblins
  4 jackals
  3 kobolds
  3 ball pythons
  A frilled lizard (D:2)
  4 rats
39 creatures vanquished.

Notes
Turn   | Place    | Note
-------+----------+-------------------------------------------
     0 | D:1      | Petkus the Draconian Air Elementalist began the quest for the Orb.
     0 | D:1      | Reached XP level 1. HP: 14/14 MP: 3/3
   116 | D:1      | Reached XP level 2. HP: 9/20 MP: 1/5
   241 | D:1      | Identified a +2 pair of boots of running (You found it on level 1 of the Dungeon)
   483 | D:1      | You fall through a shaft!
   483 | D:2      | Noticed Sigmund
   483 | D:2      | Noticed a crimson imp
   496 | D:1      | Reached XP level 3. HP: 13/26 MP: 6/6
   523 | D:1      | Learned a level 3 spell: Static Discharge
  1001 | D:2      | Reached XP level 4. HP: 19/33 MP: 0/7
  1449 | D:2      | Gained mutation: Your muscles are strong. (Str +2) [potion of mutation]
  1449 | D:2      | Gained mutation: Your body sometimes deteriorates upon taking damage. [potion of mutation]
  1449 | D:2      | Gained mutation: You evolve. [potion of mutation]
  1460 | D:2      | Slain by Sigmund

Skill      XL: |  1 |
---------------+----+-----
Dodging        | 2 |  2.6
Short Blades   | |  0.7
Throwing       | |  0.1
Stealth        | |  1.8
Spellcasting   | |  2.7
Conjurations   | |  1.6
Air Magic      | |  3.8

Action                   |  1- 3 |  4- 6 || total
-------------------------+-------+-------++-------
Melee: Dagger            |    98 |    16 ||   114
       Spear             |    10 |       ||    10
       Tailslap          |    13 |     1 ||    14
Throw: Tomahawk          |     6 |     2 ||     8
 Cast: Shock             |    47 |    19 ||    66
       Static Discharge  |       |     1 ||     1
  Use: Scroll            |     3 |     1 ||     4
       Potion            |     2 |     1 ||     3
  Eat: Ration            |     1 |       ||     1
Armor: Skin              |    35 |     5 ||    40
Dodge: Dodged            |    84 |    13 ||    97
